 Dungeon Crawl Stone Soup version 0.18-a0-1773-gec4f98e (webtiles) character file.

518 FitzyFitz the Fighter (level 7, 69/69 HPs)
             Began as a Yellow Draconian Warper on Apr 14, 2016.
             Got out of the dungeon alive.
             The game lasted 00:14:17 (4052 turns).

FitzyFitz the Fighter (Yellow Draconian Warper)     Turns: 4052, Time: 00:14:17

Health: 69/69      AC: 11    Str: 14    XL:     7   Next: 1%
Magic:  10/10      EV: 12    Int: 15    God:
Gold:   206        SH:  0    Dex: 10    Spells: 4 memorised, 2 levels left

rFire  . . .     SeeInvis +     B - +4 whip
rCold  . . .     Gourm    .     (armour unavailable)
rNeg   . . .     Faith    .     (no shield)
rPois  .         Spirit   .     (helmet restricted)
rElec  .         Dismiss  .     A - +2 cloak
rCorr  +         Reflect  .     q - +1 pair of gloves
SustAt .         Harm     .     (no boots)
MR     .....                    (no amulet)
Stlth  +.........               (no ring)
                                p - ring of see invisible

@: not resistant to hostile enchantments, very unstealthy
A: spit acid, acid resistance, unfitting armour, cold-blooded, AC +6
a: Spit Acid


You escaped.
You were not hungry.

You visited 1 branch of the dungeon, and saw 5 of its levels.

You collected 206 gold pieces.

Inventory:

Hand Weapons
 a - a +0 mace
 h - a +2 hand axe of flaming
 k - a +0 hunting sling
 B - a +4 whip (weapon)
Missiles
 d - 11 tomahawks of dispersal (quivered)
 j - 14 poisoned needles
 l - 152 stones
 D - 17 sling bullets of frost
Armour
 q - a +1 pair of gloves (worn)
 w - a +0 shield
 A - a +2 cloak (worn)
Jewellery
 p - a ring of see invisible (left hand)
Wands
 u - a wand of enslavement (13/24)
 y - a wand of iceblast (1/15)
Scrolls
 c - a scroll of blinking
 r - 2 scrolls of amnesia
 x - a scroll of fog
Potions
 e - a potion of lignification
 i - 3 potions of haste {unknown}
 n - 5 potions of curing {unknown}
 o - a potion of agility
 s - 2 potions of heal wounds {unknown}
 F - a potion of berserk rage
 G - a potion of degeneration {unknown}
Books
 b - a book of Spatial Translocations

   Spells                             Type                      Level
   a - Apportation                    Translocation                1
   b - Blink                          Translocation                2
   c - Shroud of Golubria             Charms/Translocation         2
   d - Portal Projectile              Translocation                3
   e - Teleport Other                 Translocation                3
   f - Passage of Golubria            Translocation                4
Comestibles
 f - 4 bread rations
 g - 2 meat rations
 m - 2 beef jerkies


   Skills:
 + Level 8.4 Fighting
 - Level 2.0 Maces & Flails
 - Level 0.8 Throwing
 - Level 2.1 Dodging
 - Level 2.0 Spellcasting
 - Level 3.0 Translocations


You had 2 spell levels left.
You knew the following spells:

 Your Spells              Type           Power        Failure   Level  Hunger
a - Apportation           Tloc           ##........   8%          1    #......
b - Blink                 Tloc           N/A          12%         2    ###....
c - Shroud of Golubria    Chrm/Tloc      #.........   17%         2    ###....
d - Teleport Other        Tloc           ##......     21%         3    ###....


Dungeon Overview and Level Annotations

Branches:
Dungeon (5/15)
 Temple: D:4-7

Altars:
Dithmenos
Zin

Annotations:
D:2 Sigmund


Innate Abilities, Weirdness & Mutations

You can spit globs of acid.
You are resistant to acid.
Your golden yellow scales are hard (AC +6).
Your body does not fit into most forms of armour.
You are cold-blooded and may be slowed by cold attacks.


Message History

There is a stone staircase leading up here.
You climb upwards.
There is a stone staircase leading down here.
There is a stone staircase leading up here.
You climb upwards.
Level annotation: Sigmund
There is a stone staircase leading down here.
There is a stone staircase leading up here.
You climb upwards.
There is a stone staircase leading down here.
There is an open door here.
There is a staircase leading out of the dungeon here.
You can't go down here!
Are you sure you want to leave the Dungeon?
This will make you lose the game!
Alright, then stay!
Unknown command.
Unknown command.
There is a staircase leading out of the dungeon here.
Are you sure you want to leave the Dungeon?
This will make you lose the game!
You have escaped!

#.# #.# #.# #.# #.# #.# #.# #.#
#.# #.# #########.# #.# #####.#
#.# #......)..# #.. ...##.## #.#
#.......### #.. .......## #.#
#.#####.# #.. .#......###.# #.#
#.# #.. ..........##############
#.. .#...######.....@.....######
#..
.#####.....................#####.
##...........###'###...........##
......##'###'##...##'###'##......
...#'##...#...#.>.#...#...##'#...
.###..#...#...#...#...#...#..###.
'##...#..(##.###'###.##...#...##'
..#...#...##'#.....#'##...#...#..
..#...#...##....P....##...#...#..


There were no monsters in sight!

Vanquished Creatures
  An ogre (D:4)
  A crimson imp (D:5)
  A hound (D:3)
  An orc priest (D:5)
  3 orc wizards
  2 centaur skeletons
  Ijyb (D:2)
  A worker ant (D:4)
  Robin (D:2)
  3 adders
  2 oozes (D:2)
  2 dart slugs
  3 worms (D:3)
  3 giant geckos
  10 orcs
  7 giant cockroaches
  12 goblins
  12 hobgoblins
  A ball python (D:2)
  6 bats
  4 giant newts
  8 kobolds
  5 rats
90 creatures vanquished.

Notes
Turn   | Place    | Note
--------------------------------------------------------------
     0 | D:1      | FitzyFitz the Draconian Warper began the quest for the Orb.
     0 | D:1      | Reached XP level 1. HP: 17/17 MP: 3/3
   206 | D:1      | Reached skill level 3 in Fighting
   208 | D:1      | Reached XP level 2. HP: 25/26 MP: 5/5
  1226 | D:2      | Reached skill level 4 in Fighting
  1226 | D:2      | Reached XP level 3. HP: 26/33 MP: 6/6
  1285 | D:2      | Learned a level 2 spell: Blink
  1288 | D:2      | Learned a level 2 spell: Shroud of Golubria
  1433 | D:2      | Noticed Robin
  1433 | D:2      | Noticed Sigmund
  1914 | D:3      | Found a shadowy altar of Dithmenos.
  1914 | D:3      | Found a glowing silver altar of Zin.
  2018 | D:3      | Reached XP level 4. HP: 41/41 MP: 7/7
  2025 | D:3      | Reached skill level 5 in Fighting
  2313 | D:3      | Reached XP level 5. HP: 45/50 MP: 8/8
  2573 | D:4      | Noticed an ogre
  2781 | D:4      | Reached skill level 6 in Fighting
  2955 | D:4      | Killed an ogre
  2955 | D:4      | Reached XP level 6. HP: 22/58 MP: 9/9
  3162 | D:4      | Reached skill level 7 in Fighting
  3383 | D:2      | Killed Robin
  3464 | D:2      | Noticed Ijyb
  3484 | D:2      | Killed Ijyb
  3674 | D:5      | Entered Level 5 of the Dungeon
  3729 | D:4      | Learned a level 3 spell: Teleport Other
  3900 | D:5      | Reached skill level 8 in Fighting
  3983 | D:5      | Your scales start taking on a golden yellow colour.
  3983 | D:5      | Reached XP level 7. HP: 67/69 MP: 10/10
  4052 | D:$      | Got out of the dungeon alive.

Vault maps used:
D:1:      dpeg_arrival_water_fire, serial_park_tiny_1, st_stairs_11
D:2:      fountainhead, minmay_misc_feat_cross, guppyfry_early_lair_pool,
          uniq_robin, uniq_iyjb, uniq_sigmund, uniq_natasha
D:3:      amethyst_overflow_temple_binary
D:5:      first_bread

Skill      XL: |  1  2  3  4  5  6 |
---------------+-------------------+-----
Fighting       | 3 4 5 6 8 |  8.4
Maces & Flails | |  2.0
Throwing       | |  0.8
Dodging        | |  2.1
Spellcasting   | |  2.0
Translocations | |  3.0

Action                   |  1- 3 |  4- 6 |  7- 9 || total
-------------------------+-------+-------+-------++-------
Melee: Mace              |   128 |    37 |       ||   165
       Tailslap          |    13 |    17 |       ||    30
       Whip              |       |   147 |     2 ||   149
 Fire: Hunting sling     |     5 |    22 |       ||    27
Evoke: Wand              |     1 |     1 |       ||     2
  Use: Scroll            |       |    11 |       ||    11
  Eat: Chunk             |     3 |     4 |       ||     7
       Pizza             |       |     1 |       ||     1
       Meat ration       |       |     1 |       ||     1
Armor: Skin              |    56 |    78 |       ||   134
Dodge: Dodged            |   107 |    94 |     2 ||   203
